TOP OF THE 1ST |
San Jose Giants batting - Pitching for Colorado (EL) Rockies : LHP Kevin Miozza
|
Pitching: LHP Kevin Miozza
|
|
Batting: LHB Josh Straub
|
0-0: Ground out 6-3 (Groundball, 6MD, EV 80.0 MPH)
|
Batting: LHB Tony Galvan
|
0-0: Called Strike 0-1: Ball 1-1: SINGLE (Groundball, 34D, EV 105.0 MPH)
|
Batting: RHB Chris King
|
0-0: Foul Ball, location: 2F 0-1: Swinging Strike 0-2: Ball Tony Galvan is caught stealing 2nd base 2-4 1-2: Ball 2-2: SINGLE (Groundball, 6MD, EV 98.1 MPH)
|
Batting: RHB Matt Fenimore
|
0-0: Ball 1-0: 2-RUN HOME RUN (Flyball, 7D, EV 96.2 MPH), Distance : 362 ft
|
Batting: LHB Pat Aviles
|
0-0: Ball 1-0: Ball 2-0: Fly out, F8 (Line Drive, 8LD, EV 93.1 MPH)
|
Top of the 1st over - 2 runs, 3 hits, 0 errors, 0 left on base; San Jose 2 - Colorado (EL) 0 |
BOTTOM OF THE 1ST |
Colorado (EL) Rockies batting - Pitching for San Jose Giants : LHP Chong-yeol Wong
|
Pitching: LHP Chong-yeol Wong
|
|
Batting: SHB Eddie Quinones
|
0-0: Fly out, F9 (Line Drive, 9, EV 92.5 MPH)
|
Batting: RHB Eric Delgado
|
0-0: Ball 1-0: Ball 2-0: Called Strike 2-1: Ball 3-1: Foul Ball, location: 2F 3-2: Foul Ball, location: 2F 3-2: SINGLE (Groundball, 13S, EV 77.5 MPH) (infield hit)
|
Batting: RHB Craig Gomez
|
0-0: Ball 1-0: Called Strike 1-1: Called Strike 1-2: Foul Ball, location: 2F 1-2: Reached on error, E6 (Groundball, 6, EV 106.2 MPH) Eric Delgado to second
|
Batting: SHB Chris Besselman
|
0-0: Called Strike 0-1: Ball 1-1: Fly out, F8 (Flyball, 8LM, EV 92.5 MPH) Runner from 2nd tags up, OUT at 3rd! 8-5
|
Bottom of the 1st over - 0 runs, 1 hit, 1 error, 1 left on base; San Jose 2 - Colorado (EL) 0 |
TOP OF THE 2ND |
San Jose Giants batting - Pitching for Colorado (EL) Rockies : LHP Kevin Miozza
|
Batting: LHB Juan Gonzalez
|
0-0: Called Strike 0-1: Ball 1-1: Swinging Strike 1-2: Ball 2-2: Foul Ball, location: 2F 2-2: Ball 3-2: Foul Ball, location: 2F 3-2: Strikes out looking
|
Batting: LHB Fred Arends
|
0-0: Ball 1-0: Ball 2-0: Called Strike 2-1: SOLO HOME RUN (Line Drive, 78XD, EV 103.8 MPH), Distance : 383 ft
|
Batting: RHB Bill Defazio
|
0-0: Ball 1-0: Foul Ball, location: 2F 1-1: Fly out, F7 (Flyball, 78S, EV 83.8 MPH)
|
Batting: RHB Mike Jones
|
0-0: Called Strike 0-1: Foul Ball, location: 2F 0-2: Strikes out swinging
|
Top of the 2nd over - 1 run, 1 hit, 0 errors, 0 left on base; San Jose 3 - Colorado (EL) 0 |
BOTTOM OF THE 2ND |
Colorado (EL) Rockies batting - Pitching for San Jose Giants : LHP Chong-yeol Wong
|
Batting: RHB Matt Fabre
|
0-0: Ground out 1-3 (Groundball, 15S, EV 71.9 MPH)
|
Batting: LHB Eric Ludwig
|
0-0: Ball 1-0: Foul Ball, location: 2F 1-1: Ball 2-1: Ground out 4-3 (Groundball, 4, EV 93.1 MPH)
|
Batting: RHB John Rodd
|
0-0: Ball 1-0: Called Strike 1-1: Called Strike 1-2: Ball 2-2: Strikes out looking
|
Bottom of the 2nd over - 0 runs, 0 hits, 0 errors, 0 left on base; San Jose 3 - Colorado (EL) 0 |
TOP OF THE 3RD |
San Jose Giants batting - Pitching for Colorado (EL) Rockies : LHP Kevin Miozza
|
Batting: LHB Josh Straub
|
0-0: Called Strike 0-1: Foul Ball, location: 2F 0-2: Ball 1-2: Foul Ball, location: 2F 1-2: SINGLE (Groundball, 34D, EV 96.2 MPH)
|
Batting: LHB Tony Galvan
|
0-0: Called Strike Josh Straub is caught stealing 2nd base 2-6 0-1: Ball 1-1: Ball 2-1: Ground out 4-3 (Groundball, 4, EV 96.9 MPH)
|
Batting: RHB Chris King
|
0-0: Ball 1-0: Called Strike 1-1: Swinging Strike 1-2: Reached on error, E5 (Groundball, 56S, EV 70.6 MPH)
|
Batting: RHB Matt Fenimore
|
0-0: Called Strike 0-1: Swinging Strike 0-2: Ball 1-2: Foul Ball, location: 2F 1-2: Strikes out looking
|
Top of the 3rd over - 0 runs, 1 hit, 1 error, 1 left on base; San Jose 3 - Colorado (EL) 0 |
BOTTOM OF THE 3RD |
Colorado (EL) Rockies batting - Pitching for San Jose Giants : LHP Chong-yeol Wong
|
Batting: RHB Steve Waltenbery
|
0-0: Ball 1-0: Foul Ball, location: 2F 1-1: Called Strike 1-2: Reached on error, E5 (Groundball, 56S, EV 85.0 MPH)
|
Batting: RHB Randy Breitbart
|
0-0: Ball 1-0: Foul Ball, location: 2F 1-1: Ball 2-1: Grounds into double play, 4-6-3 (Groundball, 4M, EV 86.9 MPH)
|
Batting: SHB Eddie Quinones
|
0-0: Ball 1-0: Ball 2-0: Called Strike 2-1: Fly out, F8 (Line Drive, 8RD, EV 95.6 MPH)
|
Bottom of the 3rd over - 0 runs, 0 hits, 1 error, 0 left on base; San Jose 3 - Colorado (EL) 0 |
TOP OF THE 4TH |
San Jose Giants batting - Pitching for Colorado (EL) Rockies : LHP Kevin Miozza
|
Batting: LHB Pat Aviles
|
0-0: Ball 1-0: Called Strike 1-1: Ground out 1-3 (Groundball, 34S, EV 72.5 MPH)
|
Batting: LHB Juan Gonzalez
|
0-0: Ball 1-0: Called Strike 1-1: Foul Ball, location: 2F 1-2: Foul Ball, location: 2F 1-2: SOLO HOME RUN (Flyball, 9D, EV 96.2 MPH), Distance : 366 ft
|
Batting: LHB Fred Arends
|
0-0: Ball 1-0: Swinging Strike 1-1: Ball 2-1: Foul Ball, location: 2F 2-2: Foul Ball, location: 2F 2-2: Ball 3-2: Foul Ball, location: 2F 3-2: SINGLE (Flyball, 6D, EV 91.2 MPH)
|
Batting: RHB Bill Defazio
|
0-0: Ball 1-0: Grounds into double play, 5-4-3 (Groundball, 5, EV 80.6 MPH)
|
Top of the 4th over - 1 run, 2 hits, 0 errors, 0 left on base; San Jose 4 - Colorado (EL) 0 |
BOTTOM OF THE 4TH |
Colorado (EL) Rockies batting - Pitching for San Jose Giants : LHP Chong-yeol Wong
|
Batting: RHB Eric Delgado
|
0-0: Ball 1-0: Swinging Strike 1-1: SINGLE (Groundball, 25, EV 70.0 MPH) (infield hit)
|
Batting: RHB Craig Gomez
|
0-0: Ball 1-0: Swinging Strike 1-1: Swinging Strike 1-2: Ball 2-2: Strikes out swinging
|
Batting: SHB Chris Besselman
|
0-0: Ball 1-0: Called Strike 1-1: Ball 2-1: Ball 3-1: Base on Balls Eric Delgado to second
|
Batting: RHB Matt Fabre
|
0-0: Ball 1-0: Ball 2-0: Foul Ball, location: 2F 2-1: Ball 3-1: Called Strike 3-2: SINGLE (Line Drive, 89M, EV 103.1 MPH) Eric Delgado to third Chris Besselman to second
|
Batting: LHB Eric Ludwig
|
0-0: Ball 1-0: Ball 2-0: Foul Ball, location: 2F 2-1: Grounds into double play, 6-4-3 (Groundball, 6, EV 88.8 MPH)
|
Bottom of the 4th over - 0 runs, 2 hits, 0 errors, 2 left on base; San Jose 4 - Colorado (EL) 0 |
TOP OF THE 5TH |
San Jose Giants batting - Pitching for Colorado (EL) Rockies : LHP Kevin Miozza
|
Batting: RHB Mike Jones
|
0-0: Ball 1-0: Ball 2-0: SINGLE (Groundball, 4MD, EV 101.2 MPH)
|
Batting: LHB Josh Straub
|
0-0: Ball 1-0: Foul Ball, location: 2F 1-1: Called Strike 1-2: Ball 2-2: SINGLE (Line Drive, 78S, EV 109.4 MPH) Mike Jones to second
|
Batting: LHB Tony Galvan
|
0-0: Ball 1-0: Swinging Strike 1-1: Ball 2-1: SINGLE (Line Drive, 89M, EV 85.6 MPH) Mike Jones to third Josh Straub to second
|
Batting: RHB Chris King
|
0-0: Swinging Strike Passed Ball! Mike Jones scores Josh Straub to third Tony Galvan to second 0-1: Reached on error, E4 (Groundball, 4, EV 83.8 MPH) Josh Straub scores Tony Galvan to third
|
Pitching: LHP Su-wu Pi
|
|
Batting: RHB Matt Fenimore
|
0-0: Called Strike 0-1: Foul Ball, location: 2F 0-2: Ball 1-2: Strikes out swinging
|
Batting: LHB Pat Aviles
|
0-0: Ball 1-0: Ball 2-0: Ball 3-0: Called Strike 3-1: Base on Balls Chris King to second
|
Batting: LHB Juan Gonzalez
|
0-0: Called Strike 0-1: Foul Ball, location: 2F 0-2: Foul Ball, location: 2F 0-2: Fly out, F7 (Flyball, 7D, EV 97.5 MPH) Runner from 3rd tags up, OUT at HOME! 7-2
|
Top of the 5th over - 2 runs, 3 hits, 1 error, 2 left on base; San Jose 6 - Colorado (EL) 0 |
BOTTOM OF THE 5TH |
Colorado (EL) Rockies batting - Pitching for San Jose Giants : LHP Chong-yeol Wong
|
Batting: RHB John Rodd
|
0-0: Called Strike 0-1: Foul Ball, location: 2F 0-2: Ball 1-2: Ball 2-2: Foul Ball, location: 2F 2-2: Ball 3-2: Foul Ball, location: 2F 3-2: Base on Balls
|
Batting: RHB Steve Waltenbery
|
0-0: Ball 1-0: Ball 2-0: Ball 3-0: Base on Balls John Rodd to second
|
Batting: RHB Randy Breitbart
|
0-0: Called Strike 0-1: SINGLE (Groundball, 34D, EV 101.2 MPH) John Rodd to third Steve Waltenbery to second
|
Batting: SHB Eddie Quinones
|
0-0: Swinging Strike 0-1: Swinging Strike 0-2: Foul Ball, location: 2RF, Error on foul ball, E2 0-2: Ball 1-2: Ball 2-2: Foul Ball, location: 2F 2-2: Fly out, F3 (Popup, 3, EV 79.4 MPH)
|
Batting: RHB Eric Delgado
|
0-0: Ball 1-0: Swinging Strike 1-1: Foul Ball, location: 2F 1-2: Strikes out swinging
|
Batting: RHB Craig Gomez
|
0-0: Called Strike 0-1: Fly out, F9 (Flyball, 9LS, EV 88.1 MPH)
|
Bottom of the 5th over - 0 runs, 1 hit, 1 error, 3 left on base; San Jose 6 - Colorado (EL) 0 |
TOP OF THE 6TH |
San Jose Giants batting - Pitching for Colorado (EL) Rockies : LHP Su-wu Pi
|
Batting: LHB Fred Arends
|
0-0: Ball 1-0: Swinging Strike 1-1: Ground out 6-3 (Groundball, 6S, EV 85.0 MPH)
|
Batting: RHB Bill Defazio
|
0-0: Ball 1-0: Called Strike 1-1: Swinging Strike 1-2: Strikes out swinging
|
Batting: RHB Mike Jones
|
0-0: Foul Ball, location: 2F 0-1: Ground out 6-3 (Groundball, 6, EV 89.4 MPH)
|
Top of the 6th over - 0 runs, 0 hits, 0 errors, 0 left on base; San Jose 6 - Colorado (EL) 0 |
BOTTOM OF THE 6TH |
Colorado (EL) Rockies batting - Pitching for San Jose Giants : LHP Chong-yeol Wong
|
Batting: SHB Chris Besselman
|
0-0: Swinging Strike 0-1: Ball 1-1: Ball 2-1: Ball 3-1: Called Strike 3-2: Base on Balls
|
Pitching: RHP Yugo Kobayashi
|
|
Batting: RHB Matt Fabre
|
0-0: Ball 1-0: Called Strike 1-1: Swinging Strike 1-2: Foul Ball, location: 2F 1-2: Foul Ball, location: 2F 1-2: Strikes out swinging
|
Batting: LHB Eric Ludwig
|
0-0: Ball 1-0: Ball 2-0: Ball 3-0: Called Strike 3-1: Fielders Choice at 2nd, 4-6 (Groundball, 4M, EV 81.2 MPH)
|
Batting: RHB John Rodd
|
0-0: Called Strike 0-1: Called Strike 0-2: Ball 1-2: Foul Ball, location: 2F 1-2: Foul Ball, location: 2F 1-2: Ball 2-2: SINGLE (Groundball, 6, EV 96.9 MPH) Eric Ludwig to second
|
Batting: RHB Steve Waltenbery
|
Balk! Eric Ludwig to third John Rodd to second 0-0: Called Strike 0-1: Reached on error, E6 (Groundball, 56, EV 98.8 MPH) Eric Ludwig scores John Rodd to third
|
Batting: RHB Randy Breitbart
|
0-0: Ball Steve Waltenbery steals 2nd base 1-0: Ball 2-0: Fly out, F9 (Flyball, 9LM, EV 98.8 MPH)
|
Bottom of the 6th over - 1 run, 1 hit, 1 error, 2 left on base; San Jose 6 - Colorado (EL) 1 |
TOP OF THE 7TH |
San Jose Giants batting - Pitching for Colorado (EL) Rockies : LHP Su-wu Pi
|
Batting: LHB Josh Straub
|
0-0: Reached on error, E4 (Groundball, 4, EV 103.8 MPH)
|
Batting: LHB Tony Galvan
|
0-0: Called Strike 0-1: Called Strike Josh Straub steals 2nd base 0-2: Foul Ball, location: 2F 0-2: Fly out, F7 (Flyball, 7LS, EV 78.8 MPH)
|
Batting: RHB Chris King
|
0-0: Ball 1-0: Foul Ball, location: 2F 1-1: Swinging Strike 1-2: SINGLE (Line Drive, 4M, EV 98.1 MPH) Josh Straub to third
|
Batting: RHB Matt Fenimore
|
0-0: Ball 1-0: Swinging Strike 1-1: Foul Ball, location: 2F 1-2: Ball 2-2: Strikes out swinging
|
Batting: LHB Pat Aviles
|
0-0: Ball 1-0: Ball 2-0: Called Strike 2-1: Fly out, F8 (Flyball, 78M, EV 90.0 MPH)
|
Top of the 7th over - 0 runs, 1 hit, 1 error, 2 left on base; San Jose 6 - Colorado (EL) 1 |
BOTTOM OF THE 7TH |
Colorado (EL) Rockies batting - Pitching for San Jose Giants : RHP Yugo Kobayashi
|
Batting: SHB Eddie Quinones
|
0-0: Ball 1-0: Fly out, F7 (Flyball, 78D, EV 109.4 MPH)
|
Batting: RHB Eric Delgado
|
0-0: Ball 1-0: Called Strike 1-1: Swinging Strike 1-2: Foul Ball, location: 2F 1-2: Ball 2-2: SINGLE (Line Drive, 34D, EV 101.9 MPH)
|
Batting: RHB Craig Gomez
|
0-0: Called Strike Eric Delgado steals 2nd base 0-1: SINGLE (Groundball, 6MD, EV 99.4 MPH) Eric Delgado to third Runner from 3rd tries for Home, SAFE, throw by CF to home Craig Gomez to second
|
Batting: SHB Chris Besselman
|
0-0: Ball 1-0: Ball 2-0: Called Strike 2-1: SINGLE (Groundball, 6, EV 85.6 MPH) (infield hit) Craig Gomez to third
|
Pitching: RHP Evan Boy
|
|
Batting: RHB Matt Fabre
|
0-0: Ball 1-0: Ball 2-0: Called Strike 2-1: Called Strike 2-2: Ball 3-2: Grounds into double play, 4-6-3 (Groundball, 4, EV 106.9 MPH)
|
Bottom of the 7th over - 1 run, 3 hits, 0 errors, 1 left on base; San Jose 6 - Colorado (EL) 2 |
TOP OF THE 8TH |
San Jose Giants batting - Pitching for Colorado (EL) Rockies : LHP Su-wu Pi
|
Pitching: RHP Paulo Guincho
|
|
Batting: LHB Juan Gonzalez
|
0-0: Called Strike 0-1: Foul Ball, location: 2F 0-2: Ball 1-2: Strikes out swinging
|
Batting: LHB Fred Arends
|
0-0: Ball 1-0: Ball 2-0: Ball 3-0: Called Strike 3-1: Base on Balls
|
Batting: RHB Bill Defazio
|
0-0: Fielders Choice at 2nd, 4-6 (Groundball, 4, EV 80.0 MPH)
|
Batting: RHB Mike Jones
|
0-0: Called Strike Bill Defazio steals 2nd base 0-1: Swinging Strike 0-2: Strikes out swinging
|
Top of the 8th over - 0 runs, 0 hits, 0 errors, 1 left on base; San Jose 6 - Colorado (EL) 2 |
BOTTOM OF THE 8TH |
Colorado (EL) Rockies batting - Pitching for San Jose Giants : RHP Evan Boy
|
Batting: LHB Eric Ludwig
|
0-0: Ball 1-0: Called Strike 1-1: SOLO HOME RUN (Line Drive, 89XD, EV 97.5 MPH), Distance : 390 ft
|
Batting: RHB John Rodd
|
0-0: Called Strike 0-1: Ball 1-1: Ball 2-1: Ball 3-1: Foul Ball, location: 2F 3-2: Hit by Pitch
|
Batting: RHB Steve Waltenbery
|
0-0: Ball 1-0: Foul Ball, location: 2F 1-1: Ball 2-1: Foul Ball, location: 2F 2-2: SINGLE (Groundball, 56, EV 97.5 MPH) (infield hit) John Rodd to second
|
Pinch Runner at 1st Koson Hirai:
|
|
Batting: RHB Randy Breitbart
|
0-0: Ball 1-0: Called Strike 1-1: Ball 2-1: Swinging Strike 2-2: Ball 3-2: SINGLE (Groundball, 6MD, EV 95.6 MPH) John Rodd to third Koson Hirai to second
|
Batting: SHB Eddie Quinones
|
0-0: Ball 1-0: Foul Ball, location: 2F 1-1: Called Strike 1-2: Strikes out swinging
|
Pitching: RHP Phil Holmes
|
|
Batting: RHB Eric Delgado
|
0-0: Called Strike 0-1: Foul Ball, location: 2F 0-2: Ball 1-2: Foul Ball, location: 2F 1-2: Strikes out looking
|
Batting: RHB Craig Gomez
|
0-0: Called Strike 0-1: Swinging Strike 0-2: Ball 1-2: Strikes out looking
|
Bottom of the 8th over - 1 run, 3 hits, 0 errors, 3 left on base; San Jose 6 - Colorado (EL) 3 |
TOP OF THE 9TH |
San Jose Giants batting - Pitching for Colorado (EL) Rockies : RHP Paulo Guincho
|
Now at 2B: John Rodd
|
|
Now in LF: Patrick Kimmel
|
|
Batting: LHB Josh Straub
|
0-0: Called Strike 0-1: Ball 1-1: Ball 2-1: Ball 3-1: Base on Balls
|
Batting: LHB Tony Galvan
|
0-0: Ball Josh Straub is caught stealing 2nd base 2-6 1-0: SINGLE (Groundball, 4D, EV 107.5 MPH)
|
Batting: RHB Chris King
|
0-0: Ball Tony Galvan steals 2nd base 1-0: Intentional Walk
|
Batting: RHB Matt Fenimore
|
0-0: Called Strike 0-1: Fly out, F9 (Line Drive, 9, EV 98.8 MPH)
|
Batting: LHB Pat Aviles
|
0-0: Ball 1-0: Swinging Strike 1-1: Swinging Strike 1-2: Strikes out swinging
|
Top of the 9th over - 0 runs, 1 hit, 0 errors, 2 left on base; San Jose 6 - Colorado (EL) 3 |
BOTTOM OF THE 9TH |
Colorado (EL) Rockies batting - Pitching for San Jose Giants : RHP Phil Holmes
|
Pitching: LHP Matt Wass
|
|
Now at 1B: James Wheaton
|
|
Batting: SHB Chris Besselman
|
0-0: Called Strike 0-1: Ball 1-1: Swinging Strike 1-2: SINGLE (Groundball, 6MD, EV 101.2 MPH)
|
Batting: RHB Matt Fabre
|
0-0: Ball 1-0: Foul Ball, location: 2F 1-1: Grounds into double play, 4-6-3 (Groundball, 4M, EV 103.8 MPH)
|
Batting: LHB Eric Ludwig
|
0-0: Ball 1-0: Ball 2-0: Hit by Pitch
|
Batting: RHB John Rodd
|
0-0: Foul Ball, location: 2F 0-1: Ball 1-1: Called Strike 1-2: Strikes out swinging
|
Bottom of the 9th over - 0 runs, 1 hit, 0 errors, 1 left on base; San Jose 6 - Colorado (EL) 3 |
|